 Dungeon Crawl Stone Soup version 0.21-a0-582-g1b93aee (webtiles) character file.

5170 Gaball the Ogre Mage (level 10, 0/111 HPs)
             Began as an Ogre Wizard on Dec 19, 2017.
             Was an Elder of Vehumet.
             Slain by a wyvern (12 damage)
             ... on level 10 of the Dungeon.
             The game lasted 00:46:03 (11458 turns).

Gaball the Ogre Mage (Ogre Wizard)                 Turns: 11458, Time: 00:46:03

Health: 0/111      AC:  6    Str: 13    XL:     10   Next: 59%
Magic:  24/26      EV: 10    Int: 24    God:    Vehumet [****..]
Gold:   512        SH:  0    Dex:  7    Spells: 16/33 levels left

rFire    . . .     SeeInvis .   N - staff of energy
rCold    . . .     Gourm    .   (no shield)
rNeg     . . .     Faith    .   a - +0 robe
rPois    .         Spirit   .   b - +0 hat
rElec    .         Reflect  .   i - +0 cloak
rCorr    .         Harm     .   (gloves unavailable)
MR       +....                  (boots unavailable)
Stlth    +.........             (no amulet)
HPRegen  0.28/turn              p - +2 ring of protection
MPRegen  0.20/turn              J - +2 ring of intelligence

@: no status effects
A: large, unfitting armour, tough skin 1
a: Renounce Religion


You were on level 10 of the Dungeon.
You worshipped Vehumet.
Vehumet was greatly pleased with you.
You were not hungry.

You visited 1 branch of the dungeon, and saw 10 of its levels.

You collected 512 gold pieces.

Inventory:

Hand Weapons
 H - a +3 quarterstaff of chaos
Missiles
 B - a throwing net (quivered)
Armour
 a - a +0 robe (worn)
 b - a +0 hat (worn)
 i - a +0 cloak (worn)
Magical Staves
 N - an uncursed staff of energy (weapon)
Jewellery
 p - a +2 ring of protection (left hand)
 v - an uncursed ring of protection from fire
 G - an uncursed ring of poison resistance
 J - a +2 ring of intelligence (right hand)
 L - an uncursed ring of protection from cold
 M - an uncursed ring of ice
Wands
 u - a wand of enslavement (12)
 w - a wand of disintegration (13)
 D - a wand of paralysis (14)
 I - a wand of scattershot (6)
 O - a wand of random effects (63)
Scrolls
 g - a scroll of blinking
 m - 3 scrolls of magic mapping
 o - 4 scrolls of amnesia
 s - 7 scrolls of teleportation
 y - 2 scrolls of immolation {unknown}
 z - 3 scrolls of remove curse
 C - 2 scrolls of enchant weapon
 F - a scroll of enchant armour {unknown}
 K - a scroll of noise {unknown}
Potions
 e - a potion of flight
 f - a potion of cancellation
 h - a potion of might
 j - a potion of haste
 k - a potion of berserk rage {unknown}
 l - 3 potions of curing
 q - 2 potions of invisibility
 r - 2 potions of heal wounds
 t - 3 potions of mutation
 x - 2 potions of degeneration {unknown}
 A - 2 potions of brilliance {unknown}
 E - a potion of lignification {unknown}
Books
 c - a book of Minor Magic

   Spells                             Type                      Level
   a - Magic Dart                     Conjuration                  1
   b - Blink                          Translocation                2
   c - Call Imp                       Summoning                    2
   d - Slow                           Hexes                        2
   e - Conjure Flame                  Conjuration/Fire             3
   f - Mephitic Cloud                 Conjuration/Poison/Air       3
Comestibles
 d - 19 rations


   Skills:
 + Level 10.8 Fighting
 - Level 1.7 Dodging
 - Level 1.4 Stealth
 + Level 12.3 Spellcasting
 - Level 5.9 Conjurations
 - Level 0.8 Summonings
   Level 0.8 Translocations


You had 16 spell levels left.
You knew the following spells:

 Your Spells              Type           Power        Failure   Level  Hunger
a - Magic Dart            Conj           ####         1%          1    None
b - Conjure Flame         Conj/Fire      ####....     1%          3    None
c - Mephitic Cloud        Conj/Pois/Air  ###.....     1%          3    None
d - Call Imp              Summ           ###.....     4%          2    None
e - Dazzling Spray        Conj/Hex       ####..       1%          3    None
f - Lightning Bolt        Conj/Air       ####......   9%          5    None


Dungeon Overview and Level Annotations

Branches:
Dungeon (10/15)            Temple (0/1) D:5
   Lair: D:8-11         Orc: D:9-12

Altars:
Dithmenos
Fedhas
Gozag
Hepliaklqana
Kikubaaqudgha
Makhleb
Nemelex Xobeh
Okawaru
Ru
Vehumet
Xom

Shops:
D:6 :   D:9 (

Annotations:
D:6 2 transporters
D:7 exclusion: oklob plant
D:10 Gaball's ghost, journeyman TrBe


Innate Abilities, Weirdness & Mutations

You are too large for most types of armour.
You have tough skin. (AC +1)


Message History

* * * LOW HITPOINT WARNING * * *
You feel better. Something hits you.
* * * LOW HITPOINT WARNING * * *
You feel much better. Something hits you but does no damage.
Something hits you!
The wyvern is no longer blind.
Something hits you.
* * * LOW HITPOINT WARNING * * *
Something hits you but does no damage. Something hits you.
* * * LOW HITPOINT WARNING * * *
Something hits you.
* * * LOW HITPOINT WARNING * * *
Something hits you but does no damage.
There is a stone staircase leading up, spattered with blood here.
Something hits you.
* * * LOW HITPOINT WARNING * * *
The wyvern bites you.
* * * LOW HITPOINT WARNING * * *
The wyvern bites you!
You die...

#.# #.##.# #.# #.###.##.#
#.# #........# ##'##
#####.#### ##...## #.####
##.....## #.##.##
##.......##
#######.#...####.........#
..........l[...'.........+
#######..@...###.........#
####.#.# ##.......## ###.#
##.....## #.# ##...## #.#
###'##### #.# #........
#.# #l#.####. #.# #.#...#
#.# #...#..#


You could see a wyvern.

Vanquished Creatures
  A two-headed ogre (D:8)
  A hippogriff (D:9)
  4 yaks (D:6)
  Grum (D:10)
  A steam dragon (D:7)
  2 ice beasts (D:6)
  3 orc warriors
  A sky beast (D:7)
  Duvessa (D:4)
  2 ogres
  A phantom (D:4)
  A centaur (D:9)
  2 wolves (D:10)
  3 big kobolds
  4 bullfrogs
  Dowan (D:4)
  4 scorpions
  A howler monkey (D:8)
  3 crimson imps
  2 jellies
  3 quasits
  2 centaur zombies
  4 orc priests
  4 hounds
  10 orc wizards
  Crazy Yiuf (D:6)
  A bullfrog skeleton (D:8)
  An iguana (D:8)
  Natasha (thrice) (D:3 D:5)
  4 worker ants
  3 hound skeletons
  4 gnolls
  15 adders
  A shadow imp (D:6)
  An adder zombie (D:8)
  2 oozes
  5 worms
  2 dart slugs
  5 leopard geckos
  32 orcs
  7 giant cockroaches
  7 hobgoblins
  4 jackals
  3 quokkas
  3 ball pythons
  2 bats
  5 frilled lizards
  7 goblins
  A jackal skeleton (D:8)
  22 kobolds
  A leopard gecko skeleton (D:4)
  7 rats
211 creatures vanquished.

Vanquished Creatures (collateral kills)
  A two-headed ogre (D:8)
  An eye of draining (D:8)
  A wolf (D:10)
  A bullfrog (D:10)
  A hound (D:7)
  A crimson imp (D:10)
  An orc priest (D:8)
  3 orcs (D:8)
  A kobold (D:8)
11 creatures vanquished.

Vanquished Creatures (others)
  An orc (D:8)
1 creature vanquished.

Grand Total: 223 creatures vanquished

Notes
Turn   | Place    | Note
-------+----------+-------------------------------------------
     0 | D:1      | Gaball the Ogre Wizard began the quest for the Orb.
     0 | D:1      | Reached XP level 1. HP: 16/16 MP: 5/5
     5 | D:1      | Reached skill level 1 in Conjurations
   103 | D:1      | Reached XP level 2. HP: 19/24 MP: 1/6
   216 | D:1      | Reached skill level 4 in Spellcasting
   749 | D:1      | HP: 1/24 [gnoll/flail (5)]
   872 | D:1      | Reached XP level 3. HP: 14/31 MP: 1/8
  1442 | D:2      | Reached XP level 4. HP: 39/39 MP: 7/10
  1447 | D:2      | Learned a level 3 spell: Conjure Flame
  1451 | D:2      | Learned a level 3 spell: Mephitic Cloud
  1492 | D:2      | Found a burning altar of Makhleb.
  1492 | D:2      | Found a hazy altar of Hepliaklqana.
  1499 | D:2      | Found a radiant altar of Vehumet.
  1506 | D:2      | Became a worshipper of Vehumet
  1903 | D:2      | Reached skill level 5 in Spellcasting
  2008 | D:2      | Reached XP level 5. HP: 43/45 MP: 5/12
  2546 | D:3      | Reached * piety under Vehumet
  2546 | D:3      | Offered knowledge of Sandblast by Vehumet.
  2651 | D:3      | Found a shadowy altar of Dithmenos.
  2710 | D:3      | Noticed Natasha
  2717 | D:3      | Killed Natasha
  2882 | D:3      | Found a shadowy altar of Dithmenos.
  3187 | D:4      | Noticed an ogre
  3197 | D:4      | Killed an ogre
  3197 | D:4      | Reached skill level 6 in Spellcasting
  3197 | D:4      | Reached XP level 6. HP: 53/53 MP: 2/15
  3492 | D:4      | Noticed a phantom
  3507 | D:4      | Killed a phantom
  3701 | D:4      | Reached XP level 7. HP: 46/59 MP: 11/16
  4072 | D:5      | Entered Level 5 of the Dungeon
  4123 | D:5      | Noticed Natasha
  4367 | D:4      | Noticed Dowan
  4371 | D:4      | Noticed Duvessa
  4554 | D:4      | Killed Dowan
  4554 | D:4      | Offered knowledge of Freeze by Vehumet.
  4554 | D:4      | Reached skill level 7 in Spellcasting
  4595 | D:4      | Killed Duvessa
  4595 | D:4      | Reached skill level 5 in Conjurations
  4888 | D:5      | Killed Natasha
  4897 | D:5      | Noticed Natasha
  4900 | D:5      | Killed Natasha
  4916 | D:5      | Reached ** piety under Vehumet
  4920 | D:5      | Found a staircase to the Ecumenical Temple.
  5227 | D:5      | Found a blossoming altar of Fedhas.
  5325 | D:5      | Reached XP level 8. HP: 67/67 MP: 16/19
  5352 | D:6      | Found an opulent altar of Gozag.
  5352 | D:6      | Found a sacrificial altar of Ru.
  5358 | D:6      | Found a transporter.
  5435 | D:6      | Found a transporter.
  5454 | D:6      | Reached skill level 8 in Spellcasting
  5458 | D:6      | Learned a level 2 spell: Call Imp
  5468 | D:6      | Found Erry's Book Shoppe.
  5733 | D:6      | Found an ancient bone altar of Kikubaaqudgha.
  5738 | D:6      | Found a sparkling altar of Nemelex Xobeh.
  5744 | D:6      | Noticed a yak
  5746 | D:6      | Noticed a yak
  5772 | D:6      | Noticed a yak
  5845 | D:6      | Reached skill level 1 in Fighting
  5885 | D:6      | Found a sparkling altar of Nemelex Xobeh.
  5911 | D:6      | Noticed a yak
  5984 | D:6      | Killed a yak
  5984 | D:6      | Reached skill level 9 in Spellcasting
  5986 | D:6      | Killed a yak
  5997 | D:6      | Killed a yak
  6004 | D:6      | Killed a yak
  6071 | D:6      | Found a runed door.
  6146 | D:6      | Reached XP level 9. HP: 81/87 MP: 9/22
  6184 | D:6      | Noticed Crazy Yiuf
  6190 | D:6      | Killed Crazy Yiuf
  6319 | D:7      | Reached skill level 5 in Fighting
  6421 | D:7      | Reached skill level 10 in Spellcasting
  6457 | D:7      | Offered knowledge of Dazzling Spray by Vehumet.
  6462 | D:7      | Learned a level 3 spell: Dazzling Spray
  6807 | D:7      | Found an iron altar of Okawaru.
  6808 | D:7      | Noticed an oklob plant
  6851 | D:7      | Reached *** piety under Vehumet
  7197 | D:8      | Noticed a two-headed ogre
  7596 | D:8      | Noticed a two-headed ogre
  7779 | D:8      | Noticed a two-headed ogre
  7781 | D:8      | Offered knowledge of Airstrike by Vehumet.
  7811 | D:8      | Killed a two-headed ogre
  7811 | D:8      | Reached skill level 11 in Spellcasting
  8623 | D:8      | Reached XP level 10. HP: 106/106 MP: 12/25
  9025 | D:8      | Killed a two-headed ogre
  9803 | D:9      | Reached skill level 10 in Fighting
  9828 | D:9      | Reached **** piety under Vehumet
  9873 | D:9      | Found Harasuit's Antique Weapon Emporium.
 10097 | D:9      | Reached skill level 12 in Spellcasting
 10204 | D:9      | Offered knowledge of Lightning Bolt by Vehumet.
 10211 | D:9      | Learned a level 5 spell: Lightning Bolt
 10640 | D:10     | Entered Level 10 of the Dungeon
 10642 | D:10     | Noticed Gaball's ghost (journeyman TrBe)
 10698 | D:10     | Found a shimmering altar of Xom.
 10699 | D:10     | Found a shimmering altar of Xom.
 10701 | D:10     | Found a shimmering altar of Xom.
 10881 | D:10     | Noticed Grum
 10902 | D:10     | Killed Grum
 11400 | D:10     | Found a shimmering altar of Xom.
 11400 | D:10     | Found a shimmering altar of Xom.
 11458 | D:10     | Slain by a wyvern

Vault maps used:
D:1:      dpeg_arrival_round_c
D:2:      gammafunk_temple_overflow_claw
D:3:      old_standard_altar, nicolae_dithmenos_shadow_blocks, uniq_natasha
D:4:      first_ration, st_stairs_9, roderic_malta_cross, uniq_duvessa
D:5:      minmay_temple_entry_crystal_x, serial_glass, glass_columns_b,
          glass_columns_c, fedhas_altar_4
D:6:      gammafunk_steamed_eel, grunt_temple_overflow_open, serial_shops,
          nicolae_shop_temple_entry_statues_fountains,
          nemelex_xobeh_ov_fountains_minmay, uniq_crazy_yiuf_cottage
D:7:      lemuel_oklob_altar
D:9:      serial_shops, shop, grunt_ogre_cave
D:10:     erik_lair_dragon, xom_shifter_show, uniq_grum

Skill      XL: |  1  2  3  4  5  6  7  8  9 10 |
---------------+-------------------------------+-----
Conjurations   | 1 2 3 4 5 |  5.9
Spellcasting   | 4 5 6 7 9 11 12 | 12.3
Fighting       | 4 8 10 | 10.8
Dodging        | |  1.7
Stealth        | |  1.4
Summonings     | |  0.8
Translocations | |  0.8

Action                   |  1- 3 |  4- 6 |  7- 9 | 10-12 || total
-------------------------+-------+-------+-------+-------++-------
Melee: Unarmed           |    29 |    34 |    38 |       ||   101
       Trident           |       |     1 |     1 |       ||     2
       Staff             |       |       |       |     5 ||     5
 Cast: Magic Dart        |    67 |   192 |   417 |   120 ||   796
       Mephitic Cloud    |       |     2 |    18 |    13 ||    33
       Conjure Flame     |       |       |     5 |       ||     5
       Call Imp          |       |       |    15 |    14 ||    29
       Dazzling Spray    |       |       |     8 |    66 ||    74
  Use: Scroll            |       |     7 |     8 |     3 ||    18
       Potion            |       |       |       |     4 ||     4
  Eat: Chunk             |     1 |     7 |     9 |     6 ||    23
       Ration            |       |       |     2 |     1 ||     3
Armor: Robe              |     4 |    17 |    59 |    53 ||   133
Dodge: Dodged            |    29 |    29 |    94 |    61 ||   213

Table legend:
 A = Spawn XP
 B = Non-spawn XP
 C = Spawn XP percentage of total XP
 D = Spawn monster count
 E = Non-spawn monster count
 F = Spawn count percentage of total count
 G = Total turns spent on level
                    A         B        C        D         E        F      G
               +---------+---------+-------+---------+---------+-------+---------
         Total |       0 |    7387 |   0.0 |       0 |     222 |   0.0 | 11458
               +---------+---------+-------+---------+---------+-------+---------
           D:1 |       0 |      48 |   0.0 |       0 |      17 |   0.0 |  1274
           D:2 |       0 |     141 |   0.0 |       0 |      30 |   0.0 |  1064
           D:3 |       0 |     106 |   0.0 |       0 |      25 |   0.0 |   878
           D:4 |       0 |     615 |   0.0 |       0 |      18 |   0.0 |  1657
           D:5 |       0 |     318 |   0.0 |       0 |      13 |   0.0 |   527
           D:6 |       0 |    1205 |   0.0 |       0 |      21 |   0.0 |  1243
           D:7 |       0 |     869 |   0.0 |       0 |      23 |   0.0 |  1291
           D:8 |       0 |    2484 |   0.0 |       0 |      43 |   0.0 |  1762
           D:9 |       0 |     962 |   0.0 |       0 |      21 |   0.0 |  1481
          D:10 |       0 |     639 |   0.0 |       0 |      11 |   0.0 |   281
               +---------+---------+-------+---------+---------+-------+---------
